 Dungeon Crawl Stone Soup version 0.28-a0-1510-gd0f6b136d3 (webtiles) character file.

Game seed: 10933467827614440136

131 a3don the Shield-Bearer (level 5, -6/42 HPs)
             Began as a Formicid Fighter on Jan 16, 2022.
             Killed by divine providence
             ... invoked by an orc priest
              (14 damage)
             ... on level 3 of the Dungeon.
             The game lasted 00:04:25 (2036 turns).

a3don the Shield-Bearer (Formicid Fighter)          Turns: 2036, Time: 00:04:26

Health: -6/42      AC: 11    Str: 23    XL:     5   Next: 37%
Magic:  5/5        EV:  6    Int:  7    God:
Gold:   79         SH:  4    Dex: 10    Spells: 4/4 levels left

rFire   . . .      SeeInvis +   a - +0 war axe
rCold   . . .      Faith    .   c - +0 buckler
rNeg    . . .      Spirit   .   b - +0 plate armour
rPois   .          Reflect  .   (helmet unavailable)
rElec   .          Harm     .   (no cloak)
rCorr   .          Rampage  .   (no gloves)
Will    .....                   (no boots)
Stlth   ..........              (no amulet)
HPRegen 0.14/turn               (no ring)
MPRegen 0.09/turn               (no ring)

@: no status effects
A: permanent stasis, dig shafts and tunnels, antennae 3, four strong arms
a: Dig, Shaft Self


You were on level 3 of the Dungeon.
You visited 1 branch of the dungeon, and saw 3 of its levels.

You collected 79 gold pieces.

Inventory:

Hand Weapons
 a - a +0 war axe (weapon)
 k - a +5 club
Armour
 b - a +0 plate armour (worn)
 c - a +0 buckler (worn)
Scrolls
 f - 2 scrolls of identify {unknown}
 g - a scroll of immolation {unknown}
 h - 2 scrolls of teleportation {unknown}
 l - a scroll of fear {unknown}
 p - a scroll of noise {unknown}
Potions
 d - a potion of lignification {unknown}
 e - 3 potions of brilliance {unknown}
 i - a potion of magic {unknown}
 j - a potion of flight {unknown}
 m - 2 potions of curing {unknown}
 n - 2 potions of haste {unknown}
 o - a potion of mutation {unknown}


   Skills:
 + Level 4.2 Fighting
 + Level 3.0 Axes
 + Level 4.1 Armour
 + Level 4.5 Shields


You had 4 spell levels left.
You didn't know any spells.
Your spell library was empty.

Dungeon Overview and Level Annotations

Branches:
Dungeon (3/15)

Altars:

Shops:
D:2 (


Innate Abilities, Weirdness & Mutations

You cannot be hasted, slowed, berserked, paralysed or teleported.
You can dig through walls and to a lower floor.
You have a pair of large antennae on your head. (SInv)
Your four strong arms can wield two-handed weapons with a shield.


Message History

You completely miss the orc.
The orc is moderately wounded.
You block the orc's attack.
You slash the orc!
You kill the orc!
No target in view!
No target in view!
HP restored.
You now have 79 gold pieces (gained 11).
Things that are here:
a +0 whip; an orc corpse
Items here: )) [ ††.
An orc priest comes into view. It is wielding a +0 war axe.
The orc priest shouts!
You hear a shout!
The orc priest casts a cantrip, but nothing happens.
The orc priest hits you with a +0 war axe!
You barely miss the orc priest.
The orc priest invokes the aid of Beogh against you.
Beogh smites you!
You hear a shout! x2
You closely miss the orc priest. You block the orc priest's attack.
An orc comes into view. It is wielding a +0 hand axe.
You barely miss the orc priest.
The orc priest hits you but does no damage.
The orc priest mumbles some strange prayers to Beogh against you.
Beogh smites you!
You are too injured to fight recklessly!
You are too injured to fight recklessly!
You are too injured to fight recklessly!
You closely miss the orc priest.
An orc comes into view. It is wielding a +0 flail.
The orc priest hits you with a +0 war axe.
* * * LOW HITPOINT WARNING * * *
The orc moves out of view.
An orc comes into view. It is wielding a +0 short sword.
You slash the orc priest!
The orc priest is severely wounded.
The orc priest invokes the aid of Beogh against you.
Beogh smites you!
You die...

## ..# o #.#
#o #.#
#..######.#
#.oo@....#
#.#.####..# #
#..# #..# #
#)##
#####.####.##
.......)....#
####.#####..#
#..###


You could see an orc priest and 2 orcs.

Vanquished Creatures
  Jessica (D:2)
  Natasha (twice) (D:2)
  A worm (D:2)
  2 dart slugs
  3 orcs (D:3)
  3 ball pythons
  4 endoplasms
  4 giant cockroaches
  6 hobgoblins
  A quokka (D:1)
  4 bats
  A frilled lizard (D:1)
  5 goblins
  3 kobolds (D:1)
  6 rats
46 creatures vanquished.

Notes
Turn   | Place    | Note
-------+----------+-------------------------------------------
     0 | D:1      | a3don the Formicid Fighter began the quest for the Orb.
     0 | D:1      | Reached XP level 1. HP: 18/18 MP: 1/1
    89 | D:1      | Reached XP level 2. HP: 24/24 MP: 2/2
   346 | D:1      | Reached XP level 3. HP: 29/29 MP: 3/3
   713 | D:2      | Found Quclenwa's Weapon Boutique.
   899 | D:2      | Noticed Natasha
   907 | D:2      | Killed Natasha
   908 | D:2      | Reached XP level 4. HP: 20/37 MP: 4/4
  1070 | D:2      | Noticed Jessica
  1087 | D:2      | Killed Jessica
  1370 | D:2      | Noticed Natasha
  1384 | D:2      | Killed Natasha
  1385 | D:2      | Reached XP level 5. HP: 9/42 MP: 5/5
  1710 | D:2      | Found a faded altar of an unknown god.
  2036 | D:3      | Killed from afar by an orc priest

Illustrated notes

Levels and vault maps discovered:
D:1:      dpeg_arrival_oval, layout_loops_ring
D:2:      layout_rooms, hellmonk_ecumenical_altar_lost_god, serial_rivers,
          chequers_serial_rivers_small_a, chequers_serial_rivers_micro_b,
          chequers_serial_rivers_room_b, chequers_serial_rivers_micro_e,
          chequers_serial_rivers_marsh, serial_shops, nicolae_shop_hallway_plus,
          uniq_natasha, uniq_jessica
D:3:      layout_loops_ring, grunt_decor_mini_mirrors, corner_web_ring

Skill      XL: |  1  2  3  4 |
---------------+-------------+-----
Shields        | 4 |  4.5
Fighting       | 4 |  4.2
Armour         | 4 |  4.1
Axes           | 3 |  3.0

Action                   |  1- 3 |  4- 6 || total
-------------------------+-------+-------++-------
Melee: War axe           |    90 |    60 ||   150
  Use: Potion            |       |     1 ||     1
Armor: Scale mail        |    17 |       ||    17
       Plate armour      |    41 |    26 ||    67
Dodge: Dodged            |    25 |    16 ||    41
Block: Buckler           |    25 |    12 ||    37

Table legend: (Time is in decaauts)
 A = Elapsed time spent in this place.
 B = Non-inter-level travel time spent in this place.
 C = Inter-level travel time spent in this place.
 D = Time resting spent in this place.
 E = Time spent auto-exploring this place.
 F = Levels seen in this place.
 G = Mean time per level.
                   A        B        C        D        E       F      G
               +--------+--------+--------+--------+--------+-----+--------+
         Total |   2100 |   2063 |     37 |    625 |   1003 |   3 |  700.0 |
       Dungeon |   2100 |   2063 |     37 |    625 |   1003 |   3 |  700.0 |
               +--------+--------+--------+--------+--------+-----+--------+

Top non-repeatable levels by time:
     D:2: 1254 daAuts
     D:1: 732 daAuts
     D:3: 114 daAuts
